 Dungeon Crawl Stone Soup version 0.26.0-10-g1f06aea511 (webtiles) character file.

Game seed: 18074641032122720999

93 Borgoz the Slasher (level 4, -8/37 HPs)
             Began as a Ghoul Gladiator on Jan 14, 2021.
             Mangled by Sigmund
             ... wielding a +4 scythe of freezing
              (14 damage)
             ... on level 3 of the Dungeon.
             The game lasted 00:02:28 (1491 turns).

Borgoz the Slasher (Ghoul Gladiator)                Turns: 1491, Time: 00:02:29

Health: -8/37      AC:  6    Str: 17      XL:     4   Next: 61%
Magic:  3/3        EV: 12    Int:  1 (3)  God:
Gold:   37         SH:  0    Dex: 11      Spells: 3/3 levels left

rFire    . . .     SeeInvis .   a - +0 long sword
rCold    + . .     Faith    .   (no shield)
rNeg     + + +     Spirit   .   h - +0 ring mail
rPois    ∞         Reflect  .   c - +0 helmet
rElec    .         Harm     .   (no cloak)
rCorr    .         Rampage  .   (no gloves)
Will     .....                  (no boots)
Stlth    +.........             (no amulet)
HPRegen  0.00/turn              (no ring)
MPRegen  0.08/turn              (no ring)

@: mighty
A: claws 1, cold resistance 1, negative energy resistance 3, inhibited
regeneration, torment resistance, unbreathing
a: no special abilities


You were on level 3 of the Dungeon.
You visited 1 branch of the dungeon, and saw 3 of its levels.

You collected 37 gold pieces.

Inventory:

Hand Weapons
 a - a +0 long sword (weapon)
Armour
 c - a +0 helmet (worn)
 h - a +0 ring mail (worn)
Scrolls
 e - a scroll of identify
 f - a scroll of enchant weapon
 g - a scroll of immolation {unknown}
 j - a scroll of blinking
 l - 2 scrolls of amnesia {unknown}
 m - a scroll of random uselessness {unknown}
Potions
 i - a potion of flight


   Skills:
 + Level 2.8 Fighting
 * Level 3.4 Long Blades
 - Level 1.7 Throwing
 * Level 2.1 Armour
 + Level 3.1 Dodging


You had 3 spell levels left.
You didn't know any spells.
Your spell library was empty.

Dungeon Overview and Level Annotations

Branches:
Dungeon (3/15)

Altars:

Annotations:
D:3 Sigmund


Innate Abilities, Weirdness & Mutations

You thrive by killing the living.
You are immune to poison.
You have sharp fingernails.
Your flesh is cold resistant. (rC+)
You are immune to negative energy. (rN+++)
You do not regenerate when monsters are visible.
You are immune to unholy pain and torment.
You can survive without breathing.


Message History

Sigmund struggles against the net. x2
You see here a ball python corpse.
You hit Sigmund.
Sigmund is moderately wounded.
Sigmund struggles against the net.
You slash Sigmund!
Sigmund is heavily wounded.
Sigmund struggles against the net.
The net rips apart, and Sigmund comes free!
Throw: throwing net
Press: ? - help, Q - select action Shift-Dir - straight line, f/p - Sigmund
Aim: Sigmund, wielding a +4 scythe of freezing and wearing a +0 robe (heavily wounded)
You throw a throwing net.
The throwing net closely misses Sigmund.
Sigmund misses you.
You riposte.
You closely miss Sigmund.
Sigmund is heavily wounded.
You slash Sigmund!
Sigmund is almost dead.
Sigmund hits you with a +4 scythe of freezing!
You die...

##..........#
#######...#######.#
#..#..'...'..# #.####
#..#..#...#..# #..(.#
####'#####...#####+####.#
#.†'.....#...#(....+ #.#
#..#.....#...#.....# #)#
####.....'...'@....#
#.#######
#..#.....#...#@....#
#........
#..'.....#...#.....+
#)######.
####'#####...#####+####)#
#. #†.# #...# #..)<# #.
#..# +...+ ##)†.# .. ####
#...# #...# .. #..##
##### ... ..# ..#


You could see Sigmund.

Vanquished Creatures
  Robin (D:3)
  3 adders (D:3)
  An ooze (D:1)
  2 bats (D:1)
  14 goblins
  5 hobgoblins
  3 jackals (D:1)
  2 ball pythons (D:3)
  4 frilled lizards
  5 kobolds
  11 rats (D:1)
51 creatures vanquished.

Notes
Turn   | Place    | Note
-------+----------+-------------------------------------------
     0 | D:1      | Borgoz the Ghoul Gladiator began the quest for the Orb.
     0 | D:1      | Reached XP level 1. HP: 17/17 MP: 0/0
   186 | D:1      | Reached XP level 2. HP: 23/24 MP: 1/1
   346 | D:1      | Reached skill level 1 in Armour
   410 | D:1      | Reached XP level 3. HP: 28/30 MP: 2/2
   729 | D:1      | You fall into a shaft and drop 1 floor!
   729 | D:2      | Noticed Robin
   738 | D:2      | HP: 1/30 [goblin/+0 club[Robin] (1)]
  1130 | D:3      | Killed Robin
  1131 | D:3      | Reached XP level 4. HP: 13/37 MP: 3/3
  1474 | D:3      | Noticed Sigmund
  1491 | D:3      | Mangled by Sigmund

Illustrated notes

Levels and vault maps discovered:
D:1:      ncdulo_lavacross, layout_basic, minmay_rat_gold_closets
D:2:      layout_rooms, xom_butterflies, chequers_ecumenical_altar_simple_redux,
          nemelex_diamond_rough_becter, uniq_robin
D:3:      layout_rooms, lightli_temple_of_fire, minmay_crystal_room,
          eino_curves_02, minmay_snake_closets, uniq_sigmund, uniq_jessica

Skill      XL: |  1  2  3  4 |
---------------+-------------+-----
Armour         | 1 2 |  2.1
Long Blades    | 3 |  3.4
Dodging        | 3 |  3.1
Fighting       | |  2.8
Throwing       | |  1.7

Action                   |  1- 3 |  4- 6 || total
-------------------------+-------+-------++-------
Melee: Long sword        |   104 |    32 ||   136
Throw: Throwing net      |     1 |     2 ||     3
  Use: Scroll            |     4 |       ||     4
       Potion            |       |     3 ||     3
Armor: Ring mail         |    45 |    12 ||    57
       Leather armour    |     1 |       ||     1
Dodge: Dodged            |   102 |    26 ||   128
       Rpst.: Long sword |    41 |     5 ||    46
